 Dungeon Crawl Stone Soup version 0.31.0-11-ge490571c62 (webtiles) character file.

Game seed: 8760903023810239220

44 qw the Shooter (level 3, -1/18 HPs)
             Began as a Spriggan Hunter on Feb 4, 2024.
             Slain by a black bear (4 damage)
             ... on level 2 of the Dungeon.
             The game lasted 00:00:02 (573 turns).

qw the Shooter (Spriggan Hunter)                     Turns: 573, Time: 00:00:02

Health: -1/18      AC:  2    Str:  7    XL:     3   Next: 39%
Magic:  4/4        EV: 19    Int:  5    God:
Gold:   55         SH:  0    Dex: 20    Spells: 2/2 levels left

rFire   . . .        a - +0 shortbow
rCold   + . .        (shield currently unavailable)
rNeg    . . .        c - +0 robe
rPois   .            e - +0 hat "Pueraode" {+Blink Fly rC+ Int-5}
rElec   .            (no cloak)
rCorr   .            (gloves unavailable)
SInv    +            (boots unavailable)
Will    .....        (no amulet)
Stlth   ++           (no ring)
HPRegen 0.23/turn    (no ring)
MPRegen 0.09/turn

%: no passive effects
@: flying, very quick
A: very small, no large weapons, unfitting armour, see invisible, speed 3
a: Evoke Blink


You were on level 2 of the Dungeon.
You visited 1 branch of the dungeon, and saw 2 of its levels.

You collected 55 gold pieces.


Innate Abilities, Weirdness & Mutations

You are very small and have problems with some larger weapons.
You are too small for most types of armour.
You have supernaturally acute eyesight. (SInv)
You cover ground extremely quickly. (Speed+++)


   Skills:
 - Level 1.5 Fighting
 + Level 4.7 Ranged Weapons
 - Level 4.0 Dodging
 - Level 1.5 Stealth


You had 2 spell levels left.
You didn't know any spells.
Your spell library was empty.

Inventory:

Hand Weapons
 a - a +0 shortbow (weapon)
Armour
 c - a +0 robe (worn)
 e - the +0 hat "Pueraode" (worn) {+Blink Fly rC+ Int-5}
   (You acquired it on level 1 of the Dungeon)

   Int-5:     It affects your intelligence (-5).
   rC+:       It protects you from cold.
   Fly:       It grants you flight.
   +Blink:    It lets you blink.
Scrolls
 b - a scroll of identify {unknown}
Potions
 d - a potion of lignification {unknown}
 f - a potion of degeneration {unknown}
 g - a potion of magic {unknown}
 h - a potion of brilliance {unknown}

Dungeon Overview and Level Annotations

Branches:
Dungeon (2/15)

Altars:


Message History

You shoot an arrow. The arrow hits the kobold.
You kill the kobold!
Found a rapier.
g - a sedimented green potion You now have 55 gold pieces (gained 15).
Found a stone staircase leading down.
You reach down and open the door.
A black bear comes into view.
You shoot an arrow.
The arrow hits the black bear but does no damage.
The black bear growls angrily.
You shoot an arrow. The arrow hits the black bear!
The black bear is moderately wounded.
The black bear barely misses you. The black bear completely misses you.
The black bear barely misses you.
You shoot an arrow. The arrow barely misses the black bear.
A dart slug comes into view.
The black bear barely misses you. x2; The black bear claws you.
You shoot an arrow. The arrow hits the black bear.
The black bear is moderately wounded.
The black bear completely misses you. The black bear closely misses you.
The black bear claws you.
You shoot an arrow.
The arrow closely misses the black bear.
The black bear misses you. The black bear claws you.
The black bear completely misses you.
You shoot an arrow.
The arrow closely misses the black bear.
The black bear misses you. x2; The black bear claws you.
The black bear bites you. The black bear claws you. x2
You shoot an arrow. The arrow hits the black bear!
The black bear is heavily wounded.
The black bear bites you. The black bear misses you.
The black bear completely misses you.
You shoot an arrow.
The arrow hits the black bear but does no damage.
The black bear is heavily wounded.
The black bear bites you. The black bear closely misses you.
The black bear claws you.
You die...

#.. ... ###.. #########
#.... ..#.....# #....
#.#.###.# ... #.#.###.#
##h######.#.#...#
#..@....#.#.....#
.......>###.#.....#.#
###.#.#.###.......#.#
.. #......%#.#.#.#.# .
.......#.#.#.).#.#
.......#.#.#####.#
........#.#.....#.####
....)....#.#####.#.....
.......#.# #.#.####


You could see a black bear.

Vanquished Creatures
  An adder (D:2)
  2 dart slugs (D:1)
  2 ball pythons (D:1)
  2 endoplasms (D:1)
  3 giant cockroaches (D:1)
  2 goblins (D:1)
  3 hobgoblins
  A quokka (D:1)
  3 frilled lizards (D:1)
  8 kobolds
  3 rats (D:1)
30 creatures vanquished.

Notes
Turn   | Place    | Note
-------+----------+-------------------------------------------
     0 | D:1      | qw the Spriggan Hunter began the quest for the Orb.
     0 | D:1      | Reached XP level 1. HP: 10/10 MP: 2/2
     0 | D:1      | 0 ||| qw: Version: 0.3-a-160-g6735b56
     0 | D:1      | 0 ||| qw: Game counter: 5388
     0 | D:1      | 0 ||| qw: Melee chars always use a shield: true
     0 | D:1      | 0 ||| qw: God list: Okawaru
     0 | D:1      | 0 ||| qw: Allow faded altars: false
     0 | D:1      | 0 ||| qw: Do Orc after clearing Dungeon:15 true
     0 | D:1      | 0 ||| qw: Do second Lair branch before Depths: true
     0 | D:1      | 0 ||| qw: Lair rune preference: random
     0 | D:1      | 0 ||| qw: Goals: Normal
     0 | D:1      | 0 ||| PLANNING D:1-11
    23 | D:1      | Reached skill level 3 in Dodging
    73 | D:1      | Reached XP level 2. HP: 14/14 MP: 3/3
   223 | D:1      | Reached XP level 3. HP: 18/18 MP: 4/4
   424 | D:1      | 424 ||| READING scroll labelled ZOHIX XU XOPHE.
   424 | D:1      | Identified a scroll of acquirement
   424 | D:1      | 424 ||| ACQUIRING +0 hat "Pueraode" {+Blink Fly rC+ Int-5}
   424 | D:1      | Acquired the +0 hat "Pueraode" {+Blink Fly rC+ Int-5}
   426 | D:1      | 426 ||| UPGRADING to +0 hat "Pueraode" {+Blink Fly rC+
                  | Int-5}.
   431 | D:1      | 431 ||| READING scroll labelled QIH BIENENIRU.
   436 | D:1      | 436 ||| DROPPING scroll of butterflies.
   565 | D:2      | Noticed a black bear
   572 | D:2      | HP: 4/18 [black bear (3)]
   573 | D:2      | Slain by a black bear

Levels and vault maps discovered:
D:1:      dpeg_arrival_lava_temple_mockup, layout_rooms
D:2:      layout_basic, basic_ecumenical_altar

Skill      XL: |  1  2 |
---------------+-------+-----
Dodging        | 3 4 |  4.0
Fighting       | |  1.5
Ranged Weapons | |  4.7
Stealth        | |  1.5

Action                     || total
---------------------------++-------
   Fire: Shortbow          ||    68
    Use: Scroll            ||     2
 Armour: Robe              ||    13
  Dodge: Dodged            ||    20

Table legend:
 A = Non-vault XP
 B = Vault XP
 C = Vault XP percentage of total XP
 D = Non-vault monster count
 E = Vault monster count
 F = Vault count percentage of total count
                 A         B        C        D         E       F
            +---------+---------+-------+---------+---------+-------
      Total |      63 |       0 |   0.0 |      30 |       0 |   0.0
            +---------+---------+-------+---------+---------+-------
        D:1 |      47 |       0 |   0.0 |      27 |       0 |   0.0
        D:2 |      16 |       0 |   0.0 |       3 |       0 |   0.0
            +---------+---------+-------+---------+---------+-------
